Cogmind - Beta 15 @@@ ROGUE MODE // 2025.05.08 @ 15:41:22 // Halloween2019/Abominations Player: Minty Result: Destroyed by Lesser Abomination with Improved Medium Laser Performance ------------- Evolutions (0) 0 Regions Visited (1) 200 Robots Destroyed (5) 25 Value Destroyed (310) 310 Prototype IDs (2) 40 Alien Tech Used (0) 0 Bonus (0) 0 TOTAL SCORE: 575 Bonus ------- None Cogmind --------- Core Integrity 0/250 Matter 242/300 Energy 100/125 System Corruption 1% Temperature Cool (78) Movement Treading (160) Location -10/Materials Parts ------- > --- POWER (1) -------- Light Ion Engine > --- PROPULSION (2) --- Light Treads Light Treads > --- UTILITY (2) ------ Small Storage Unit > --- WEAPON (2) ------- Small Laser Light Cannon > --- INVENTORY (8) ---- Aluminum Leg Large Battery (200) Small Matter Pod (50) Light Assault Rifle Light Assault Rifle Peak State ------------ > --- POWER ------------ Ion Engine > --- PROPULSION ------- Aluminum Leg Aluminum Leg > --- UTILITY ---------- Small Storage Unit > --- WEAPON ----------- Small Laser Light Assault Rifle > --- INVENTORY -------- Light Ion Engine Light Treads Light Treads Wheel Wheel Light Assault Rifle [Rating: 6] Favorites ----------- Power Ion Engine Engine Ion Engine Propulsion Aluminum Leg Treads Light Treads Leg Aluminum Leg Wheel Wheel Utility Small Storage Unit Storage Small Storage Unit Weapon Light Assault Rifle Energy Gun Small Laser Ballistic Gun Light Assault Rifle Ballistic Cannon Light Cannon Build | -11 -10 ------- Run | Yrd Mat Slots Evolved . | . . Power . | . . Propulsion . | . . Utility . | . . Weapon . | . . Parts Attached 7 | . 7 Power 1 | . 1 Engine 1 | . 1 Core . | . . Reactor . | . . Propulsion 4 | . 4 Treads 2 | . 2 Leg . | . . Wheel 2 | . 2 Hover . | . . Flight . | . . Utility . | . . Device . | . . Storage . | . . Processor . | . . Hackware . | . . Protection . | . . Artifact . | . . Weapon 2 | . 2 Energy Gun 1 | . 1 Energy Cannon . | . . Ballistic Gun . | . . Ballistic Cannon 1 | . 1 Launcher . | . . Special Weapon . | . . Impact Weapon . | . . Slashing Weapon . | . . Piercing Weapon . | . . Special Melee Weapon . | . . Unidentified Prototypes . | . . Parts Lost 3 | . 3 Power 1 | . 1 Propulsion 2 | . 2 Utility . | . . Weapon . | . . Highest Loss Streak 2 | . 2 To Critical Strikes . | . . Average Backups 7 | 6 7 Power . | 1 . Propulsion 3 | 4 3 Utility . | . . Weapon 1 | 1 1 Tool/Special . | . . Unused Backups 4 | . 4 Power . | . . Propulsion 2 | . 2 Utility 2 | . 2 Weapon . | . . Tool/Special . | . . Average Slot Usage (%) 76 | . 76 Engine 13 | . 13 Treads 1 | . 1 Leg 9 | . 9 Wheel 9 | . 9 Storage 14 | . 14 Energy Gun 7 | . 7 Ballistic Gun 11 | . 11 Ballistic Cannon 8 | . 8 Peak Build Rating 6 | 6 6 Average Rating 5 | 6 5 On Entrance 6 | 6 6 Naked Turns . | . . Heaviest Build 14 | 12 14 Greatest Support 20 | 20 20 Greatest Overweight (x) 1 | . 1 Average Overweight (x) . | . . Largest Inventory Capacity 8 | 8 8 Average Capacity 8 | 8 8 Most Carried 8 | 6 8 Average Carried 7 | 6 7 Final Capacity 8 | 8 8 Final Carried 6 | 6 5 Class Distribution -------------------- 100% | Mutant Dominant Class ---------------- Mutant | -10/Materials Resources | -11 -10 ----------- Run | Yrd Mat Matter Collected 286 | 190 96 Remotely . | . . Salvage Created 177 | . 177 Parts 13 | . 13 Haulers Intercepted . | . . Recyclers Shooed . | . . Parts Field Recycled . | . . Retrieved Matter . | . . Parts Self-Destructed . | . . Prevented . | . . Kills | -11 -10 ------- Run | Yrd Mat Combat Hostiles Destroyed 5 | . 5 Guns 1 | . 1 Cannons 4 | . 4 Classes Destroyed 1 | . 1 Abomination 5 | . 5 Best Kill Streak 3 | . 3 Combat Bots Only 3 | . 3 Max Kills in Single Turn 1 | . 1 Gunslinging . | . . Exploded . | . . Melee . | . . Uniques/NPCs Destroyed . | . . Combat | -11 -10 -------- Run | Yrd Mat Hostile Shots Fired 87 | . 87 Missed 23 | . 23 Hits 64 | . 64 Melee 6 | . 6 Projectile 58 | . 58 Damage Taken 902 | . 902 Core 250 | . 250 Absorbed by Shields . | . . Core Remaining (%) 100 | 100 . Volleys Fired 26 | . 26 Largest 2 | . 2 Hottest 70 | . 70 Shots Fired 35 | . 35 Gun 14 | . 14 Cannon 21 | . 21 Launcher . | . . Special . | . . Kinetic 26 | . 26 Thermal 9 | . 9 Explosive . | . . Electromagnetic . | . . Robot Hit Streak 12 | . 12 Robot Miss Streak 2 | . 2 Penetration Max . | . . Secondary Targets . | . . Shots Hit Robots 29 | . 29 Core Hits 12 | . 12 Critical Kills . | . . Critical Parts Destroyed . | . . Critical Strikes . | . . Melee Attacks . | . . Impact . | . . Slashing . | . . Piercing . | . . Sneak Attacks . | . . Combat Hostiles . | . . Follow-up Attacks . | . . Damage Inflicted 422 | . 422 Guns 133 | . 133 Cannons 289 | . 289 Explosions . | . . Melee . | . . Ramming . | . . Kinetic 330 | . 330 Thermal 92 | . 92 Explosive . | . . Electromagnetic . | . . Impact . | . . Slashing . | . . Piercing . | . . Highest Corruption 1 | . 1 Average Corruption 1 | . 1 Corruption Purged . | . . Corruption Blocked . | . . Effects 1 | . 1 Parts Rejected 1 | . 1 Overload Shots . | . . Overflow Damage . | . . Projectiles . | . . Explosions . | . . Melee . | . . Knockbacks 2 | . 2 Impact . | . . Kinetic 2 | . 2 Secondary . | . . Self-Inflicted Damage . | . . Shots . | . . Rammed . | . . Targets Rammed . | . . Kicked . | . . Crushed . | . . Highest Temperature 69 | . 69 Average Temperature 21 | . 21 Received Heat Transfer 213 | . 213 Siege Activations . | . . Martial Activations . | . . Shielding Activations . | . . Robots Disrupted . | . . Combat Hostiles . | . . Robots Corrupted . | . . Combat Hostiles . | . . Parts Fried . | . . Impact Corruptions . | . . Robots Melted . | . . Combat Hostiles . | . . Parts Melted . | . . Heat Transferred 42 | . 42 Parts Sabotaged . | . . Parts Stolen . | . . Parts Stripped . | . . Power Chain Reactions . | . . Alert | -11 -10 ------- Run | Yrd Mat Maximum Alert Level . | . . Low Security (%) 100 | 100 100 Level 1 . | . . Level 2 . | . . Level 3 . | . . Level 4 . | . . Level 5 . | . . High Security . | . . Max Security . | . . Peak Influence 15 | . 15 Initial . | . . Average 2 | . 2 Influence Increases 25 | . 25 Successful Hack 10 | . 10 Disable Machine 15 | . 15 Influence Decreases 25 | . 25 Time Decay 25 | . 25 Squads Dispatched 5 | . 5 Investigation 2 | . 2 Extermination . | . . Reinforcement 3 | . 3 Assault . | . . Garrison . | . . Intercept . | . . Searches Triggered . | . . Construction Impeded . | . . Haulers Reinforced . | . . Active Scanning Responses . | . . Cargo Convoy Interrupts . | . . Stealth | -11 -10 --------- Run | Yrd Mat Distress Signals 3 | . 3 Communications Jammed . | . . Distress Signals . | . . Times Spotted 12 | . 12 Peak Tracking Total 6 | . 6 Tactical Retreats 1 | . 1 Traps | -11 -10 ------- Run | Yrd Mat Traps Triggered . | . . Indirectly . | . . Trap Hack Attempts . | . . Triggered . | . . Disarmed . | . . Reprogrammed . | . . Reused . | . . Traps Extracted . | . . Installed . | . . Triggered . | . . Machines | -11 -10 ---------- Run | Yrd Mat Machines Disabled 1 | . 1 Max in Single Turn 1 | . 1 Machines Repaired . | . . Machines Dismantled . | . . Machines Sabotaged . | . . Overloaded Fab Kills . | . . Hacking | -11 -10 --------- Run | Yrd Mat Machines Accessed 3 | . 3 Terminals 3 | . 3 Fabricators . | . . Repair Stations . | . . Recycling Units . | . . Scanalyzers . | . . Garrison Access . | . . Total Hacks 10 | . 10 Successful 4 | . 4 Failed 6 | . 6 Catastrophic 2 | . 2 Database Lockouts . | . . Manual 3 | . 3 Terminals 10 | . 10 Fabricators . | . . Repair Stations . | . . Recycling Units . | . . Scanalyzers . | . . Garrison Access . | . . Terminal Hacks 3 | . 3 Prototype ID Bank 1 | . 1 Locate Traps 1 | . 1 Zone Layout 1 | . 1 Fabricator Hacks . | . . Repair Station Hacks . | . . Recycling Unit Hacks . | . . Scanalyzer . | . . Garrison Access Hacks . | . . Unauthorized Hacks 1 | . 1 Terminals 1 | . 1 Botnet 1 | . 1 Fabricators . | . . Repair Stations . | . . Recycling Units . | . . Scanalyzers . | . . Garrison Access . | . . Data Cores Recovered . | . . Used . | . . Hacking Detections 3 | . 3 Full Trace Events 1 | . 1 Feedback Events 1 | . 1 Corruption 1 | . 1 Feedback Blocked . | . . Robot Schematics Acquired . | . . Robots Built . | . . Authchips . | . . Time . | . . Total Robot Build Rating . | . . Part Schematics Acquired . | . . Parts Built . | . . Authchips . | . . Time . | . . Total Part Build Rating . | . . Parts Repaired . | . . Time . | . . Parts Recycled . | . . Recycled Matter . | . . Retrieved Matter . | . . Retrieved Components . | . . Parts Scanalyzed . | . . Part Schematics Acquired . | . . Parts Damaged . | . . Bothacking | -11 -10 ------------ Run | Yrd Mat Used RIF Installer . | . . Robots Hacked . | . . Non-combat . | . . Combat . | . . Robot Hacks Applied . | . . Relay Couplers Released . | . . Fabnet Peak Effective % . | . . Robots Rewired . | . . Allies Hacked . | . . Hacks Repelled . | . . Allies | -11 -10 -------- Run | Yrd Mat Total Allies . | . . Largest Group . | . . Highest-Rated Group . | . . Highest-Rated Ally . | . . Total Orders . | . . Ally Attacks . | . . Total Damage . | . . Kills . | . . Allies Corrupted . | . . Allies Melted . | . . Intel | -11 -10 ------- Run | Yrd Mat Active Infowar (turns) . | . . Robot Analysis Total . | . . Derelict Logs Recovered . | . . Drone Launches . | . . Drone Recoveries . | . . Exploration | -11 -10 ------------- Run | Yrd Mat Turns Passed 260 | 2 258 Spaces Moved 119 | 2 117 Core . | . . Treads . | . . Legs 66 | 2 64 Wheels 53 | . 53 Hover . | . . Flight . | . . Fastest Speed 80 | 120 80 Average Speed 134 | 120 134 Slowest Speed 190 | 120 190 Overloaded Moves . | . . Propulsion Burnouts . | . . Robots Hopped . | . . Potential Cave-ins . | . . Cave-ins Triggered . | . . Exploration Rate (%) 20 | 2 38 Regions Visited 1 Branch Regions . Pre-discovered Areas . | . . Known Exits Taken . | . . Unknown Exits Taken 1 | 1 . Scrap Searched . | . . Spaces Dug . | . . Terrain Destroyed . | . . Melee . | . . Projectile . | . . AOE . | . . Terrain Rammed . | . . Walls Destroyed . | . . Machines Disabled . | . . Actions | -11 -10 --------- Run | Yrd Mat Total 155 | 1 154 Wait 1 | . 1 Move 118 | 1 117 Hop . | . . Pick Up 3 | . 3 Fast Attach . | . . Attach 4 | . 4 Detach . | . . Swap 3 | . 3 Drop . | . . Fire 26 | . 26 Melee . | . . Ram . | . . Kick . | . . Crush . | . . Escape Stasis . | . . Rewire . | . . Trap . | . . Miscellaneous . | . . Route ------- -11/Scrapyard -10/Materials History --------- Turn | Location | Event 1 | -11/Scrapyard | Discovered new exit (range 1) 3 | -11/Scrapyard | Entered Materials 200 | -10/Materials | Discovered new exit (range 12) 246 | -10/Materials | Core integrity fell below 50% 252 | -10/Materials | Core integrity fell below 20% 261 | -10/Materials | Destroyed by Lesser Abomination with Improved Medium Laser Last Messages --------------- 00245_ Lesser Abomination feeds off Hungry Anomaly, taking Sml. Storage Unit. 00245_ Wheel destroyed. 00246_ Ice Anomaly freezes W-16 Scout. 00246_ Lesser Abomination spits out Aluminum Leg. 00246_ Lesser Abomination feeds off Hungry Anomaly, taking Imp. Aluminum Leg. 00247_ Hungry Anomaly eats Aluminum Leg. 00247_ W-16 Scout destroyed. 00248_ Hungry Anomaly eats Corrupted Sml. Laser. 00249_ Ion Engine destroyed. 00255_ Parts repaired by Paradox Anomaly. 00260_ Minor Abomination spits out Particle Gun. 00260_ Minor Abomination feeds off Hungry Anomaly, taking Prototype Energy Gun. 00260_ Hungry Anomaly eats Particle Gun. 00261_ Minor Abomination spits out Com. Wheel. 00261_ Minor Abomination absorbs Wheel. 00261_ Hungry Anomaly eats Aluminum Leg. 00261_ Lesser Abomination knocked back. Map ----- +----------------------------------------------------+ | ?????????????????????????????????????????????????? | | ?????????????????????????????????????????????????? | | ?????????????????????????????????????????????????? | | ?????????????????????????????????????????????????? | | ?????????????????????????????????????????????????? | | ?????????????????????????????????????????????????? | | ?????????????????????????????????????????????????? | | ?????????????????????????????????????????????????? | | ?????????????????????????????????????????????????? | | ?????????????????????????????????????????????????? | | ?????????????????????????????????????????????????? | | ?????????????????????????????????????????????????? | | ?????????????????????????????????????????????????? | | ?????????????????????????????????????????????????? | | ?????????????????????????????????????????????????? | | ?????????????????????????????????????????????????? | | ?????????????????????????????????????????????????? | | ??????????? """??????????????????????????????????? | | ??????????? "???????????? ???????????????????? | | ?????????? " ????????? " ?""????????????????? | | ??????????""""""" "????????#" """??????^^^???????? | | ?????????^ " ?????##" """ ??????^^???????? | | ????????? " ????##" ?? ????????????? | | ????????? % =A [##################### ???????? | | ????????%%% % A A g ????????? | | ????????%%% @ ????????? | | ?????????%" % n T """ """?????????? | | ?????????"" ######### """ """??""?????? | | ??????????" ???? " "# """ """ ""?????? | | ????????????????? " # A """ """ """????? | | ????????????????# % # % "" """ """ ??? | | ????????????????% =% ??? | | ??????????????? < ??? | | ??????????????? ?? | | ????????????????# ##### ?? | | ????????????????########" ""###+#########"""""""?? | | ??????????????????????##### """ " " ?? | | ??????????????????????????# """ ######## ?? | | ??????????????????????????# """ #????????????? | | ??????????????????????????# #????????????? | | ??????????????????????????# " " #????????????? | | ??????????????????????????# "T" #????????????? | | ??????????################# """ #????????????? | | ??????????# ^^ ^ # #????????????? | | ??????????# ##""""""##########?????? | | ??????????# " ## #?????? | | ??????????# " ## #?????? | | ??????????# % " ## #?????? | | ?? ""% ??# % " ## #?????? | | ? " "# """""####### #?????? | +----------------------------------------------------+ Best States ------------- Heat Dissipation 25 Energy Generation 10 Energy Capacity 250 Matter Stores 300 Matter Capacity 300 Sight Range 16 Terrain Scan Density 10 Evasion (%) 45 Recoil Reduction 2 Item Schematics ----------------- None Robot Schematics ------------------ None Fabricated ------------ Nothing Repaired ---------- Nothing Alien Tech Used ----------------- None Achievements -------------- None Challenges ------------ None Game ------ Seed OmegaOpticalArachnoskeleton Manual? 0 Play Time 00:05:16 Cumulative 1023.5 hours Start 2025.05.08 @ 15:38:37 End 2025.05.08 @ 15:41:22 Sessions 1 Manual Loads 0 Difficulty Rogue Special Mode Halloween2019/Abominations Game No. 1254 Rogue 972 Adventurer 124 Explorer 158 Win Type - Total 44 Types 31/0/8/3/1/0/0/1/0/0 Lore% 91 Gallery% 85 Achievement% 79 Wizard Run 0 Options --------- Layout 0 ASCII 0 Keyboard 1 Movement Numpad Keybinds 0 Fullscreen 2 Font 18/X11 Map View 76x50 Zoom Use 0% Tactical HUD 1 Map Filters NONE Filters NONE Steam 1 RUN: 07b70f97-9847-40d3-9eb6-b3aa8422970b